 Dungeon Crawl Stone Soup version 0.21.1-1-g345015f (webtiles) character file.

194 rlgrobin the Skirmisher (level 5, -6/42 HPs)
             Began as a Demonspawn Fighter on Feb 7, 2018.
             Mangled by Grinder (8 damage)
             ... while paralysed by Grinder
             ... on level 3 of the Dungeon on Feb 8, 2018.
             The game lasted 00:07:51 (2591 turns).

rlgrobin the Skirmisher (Demonspawn Fighter)        Turns: 2591, Time: 00:07:52

Health: -6/42      AC:  6    Str: 18    XL:     5   Next: 44%
Magic:  5/5        EV:  2    Int:  9    God:
Gold:   88         SH:  0    Dex: 17    Spells: 4/4 levels left

rFire    + . .     SeeInvis .   j - +0 whip
rCold    + . .     Gourm    .   t - +0 buckler
rNeg     . . .     Faith    .   b - +0 scale mail
rPois    +         Spirit   .   (helmet restricted)
rElec    +         Reflect  .   (no cloak)
rCorr    +         Harm     .   (no gloves)
MR       .....                  (no boots)
Stlth    +.........             (no amulet)
HPRegen  0.14/turn              (no ring)
MPRegen  0.09/turn              (no ring)

@: paralysed, agile, resistant, flying
A: antennae 1, spiny 1
a: no special abilities


You were on level 3 of the Dungeon.
You were hungry.

You visited 1 branch of the dungeon, and saw 3 of its levels.

You collected 88 gold pieces.


Innate Abilities, Weirdness & Mutations

You have a pair of small antennae on your head.
You are partially covered in sharp spines.


   Skills:
 + Level 4.0 Fighting
 + Level 3.0 Maces & Flails
 + Level 3.6 Armour
 + Level 3.6 Shields


You had 4 spell levels left.
You didn't know any spells.

Inventory:

Hand Weapons
 a - a +1 flail
 d - a +0 morningstar
 j - a +0 whip (weapon)
Armour
 b - a +0 scale mail (worn)
 c - a +0 shield
 l - a +0 pair of gloves
 t - a +0 buckler (worn)
Wands
 e - a wand of random effects (17)
Scrolls
 g - a scroll of blinking
 i - 4 scrolls of remove curse
 q - 3 scrolls of immolation {!r}
Potions
 n - 3 potions of brilliance
Comestibles
 f - 8 rations

Dungeon Overview and Level Annotations

Branches:
Dungeon (3/15)

Altars:

Annotations:
D:3 Grinder

▒..▒ ....... ▒..▒ .......
▒..▒▒....... ▒...▒.......
▒.†.(....... ▒%▒.........
⌠...⌠▒)▒▒...▒▒...
▒...▒▒..▒>▒..▒ . ..▒
▒...▒▒65▒....▒ .▒ ..▒
▒▒...▒▒†..▒▒▒.▒ ..▒
..▒▒▒8...8▒▒▒.....▒...▒
▒▒▒▒.▒..▒▒▒...▒ ▒▒.........
.....▒▒..▒▒...▒▒▒▒▒▒........
.........▒▒.▒........▒▒.....
....▒▒▒..▒▒...▒▒▒▒▒▒▒▒ ...▒
............▒▒▒ ...
.)............▒▒▒▒▒▒▒▒▒


You could see Grinder.


Message History

Grinder is struck by your spines! Grinder hits you! * * * don't die
* * * You writhe in agony! * * * don't die
* * * You take 6 damage, and have 13/42 hp!
You punish Grinder but do no damage!
Grinder is moderately wounded!
Grinder hits you! * * * don't die
* * * You writhe in agony! * * * don't die
* * * You take 7 damage, and have 6/42 hp!
Okay, then!
Okay, then!
You punish Grinder but do no damage!
Grinder is moderately wounded!
Grinder gestures at you!
Pain shoots through your body!!! * * * don't die
* * * You take 5 damage, and have 1/42 hp!
Unknown command!
You punish Grinder but do no damage!
Grinder is moderately wounded!
Grinder misses you!
You closely miss Grinder!
Grinder is moderately wounded!
Grinder gestures at you!
You suddenly lose the ability to move!!!
Grinder hits you!!! rip

Action                   |  1- 3 |  4- 6 || total
-------------------------+-------+-------++-------
Melee: Flail             |    13 |       ||    13
       Whip              |   145 |    72 ||   217
  Use: Scroll            |     8 |       ||     8
       Potion            |       |     5 ||     5
  Eat: Chunk             |     3 |     2 ||     5
Armor: Scale mail        |    57 |    21 ||    78
Dodge: Dodged            |    39 |    20 ||    59
Block: Shield            |    66 |       ||    66
       Buckler           |       |    15 ||    15

Vault maps used:
D:1:      tarquinn_simple_flora_water_a, kennysheep_nondescript
D:3:      serial_corexii_hall, corexii_hall_statues_x, corexii_hall_statues_i,
          uniq_sigmund, uniq_jessica, uniq_grinder

Notes
Turn   | Place    | Note
-------+----------+-------------------------------------------
     0 | D:1      | rlgrobin the Demonspawn Fighter began the quest for the Orb.
     0 | D:1      | Reached XP level 1. HP: 18/18 MP: 1/1
   317 | D:1      | Reached skill level 2 in Maces & Flails
   317 | D:1      | Gained mutation: You have a pair of small antennae on your head. [demonic ancestry]
   317 | D:1      | Reached XP level 2. HP: 24/24 MP: 2/2
   954 | D:2      | Reached skill level 3 in Shields
  1050 | D:2      | Reached skill level 3 in Armour
  1059 | D:2      | Gained mutation: You are partially covered in sharp spines. [demonic ancestry]
  1059 | D:2      | Reached XP level 3. HP: 26/29 MP: 3/3
  1975 | D:2      | Reached XP level 4. HP: 35/35 MP: 4/4
  2295 | D:3      | Reached XP level 5. HP: 27/42 MP: 5/5
  2330 | D:3      | Noticed Jessica
  2341 | D:3      | Killed Jessica
  2341 | D:3      | Reached skill level 4 in Fighting
  2341 | D:3      | Reached skill level 3 in Maces & Flails
  2550 | D:3      | Noticed Grinder
  2562 | D:3      | Identified a potion of resistance
  2565 | D:3      | Paralysed by Grinder for 3 turns
  2588 | D:3      | HP: 1/42 [Grinder/nerve-wracking pain (5)]
  2590 | D:3      | Paralysed by Grinder for 2 turns
  2591 | D:3      | Mangled by Grinder

Vanquished Creatures
  2 orc wizards (D:3)
  Jessica (D:3)
  3 adders
  2 worms (D:2)
  2 leopard geckos (D:2)
  12 orcs (D:3)
  A giant cockroach (D:2)
  6 goblins
  7 hobgoblins
  7 jackals
  A quokka (D:2)
  2 ball pythons (D:3)
  7 bats
  5 frilled lizards
  4 kobolds
  9 rats
71 creatures vanquished.
